Map: Orbital Shipyard

Players

LilDicky

  • Race: Terran Terran
  • League: Diamond

TeRRanShytUP - Winner!

  • Race: Terran Terran
  • League: Gold

VOD

http://www.twitch.tv/tumescentpie

Description

Time

  • Played on: Dec. 6, 2015, 2:19 a.m.
  • Length: 6:54
Show
View Real Time Build Order
Export as new Build Order

LilDicky Terran 

Build Orders:  

Get SALT Encoding   

  12  0:01  SCV  
  13  0:13  SCV  
  14  0:19  Supply Depot  
  14  0:27  SCV  
  15  0:36  Refinery  
  15  0:40  SCV  
  16  0:45  Barracks  
  16  0:52  SCV  
  17  1:04  SCV  
  18  1:17  SCV  
  19  1:29  SCV  
  19  1:32  Reaper  
  21  1:35  Supply Depot  
  21  1:44  Orbital Command  
  21  1:53  Command Center  
  21  2:03  Marine  
  22  2:12  SCV  
  22  2:15  Refinery  
  23  2:17  Factory  
  23  2:21  Marine  
  24  2:26  SCV  
  25  2:39  Marine  
  26  2:50  SCV  
  26  2:57  Marine  
  27  3:02  SCV, Factory Tech Lab  
  27  3:03  Starport  
  28  3:09  Orbital Command  
  28  3:15  SCV  
  29  3:23  Marine  
  29  3:27  SCV, Siege Tank  
  27  3:47  Marine  
  28  4:05  Marine  
  27  4:13  Medivac  
  25  4:23  Marine  
  25  4:24  Siege Tank  
  25  4:30  SCV  
  28  4:34  SCV  
  27  4:39  Command Center  
  27  4:41  Marine  
  27  4:49  SCV  
  28  4:54  SCV  
  28  4:58  Marine  
  30  5:01  SCV  
  26  5:16  Marine  
  18  5:30  SCV x2  
  18  5:34  Marine  
  21  5:42  SCV x2  
  23  5:51  Starport Tech Lab  
  23  5:52  Marine, Orbital Command  
  23  5:54  SCV x2  
  26  6:06  SCV  
  26  6:10  Marine  
  26  6:11  SCV  
  29  6:12  Siege Tank  
  32  6:18  SCV  
  32  6:21  SCV  
  32  6:23  SCV  
  32  6:27  Marine  
  32  6:30  SCV  
  33  6:33  SCV  
  33  6:35  SCV  
  37  6:49  Refinery  
Show
View Real Time Build Order
Export as new Build Order

TeRRanShytUP Terran - Winner!

Build Orders:  

Get SALT Encoding   

  12  0:01  SCV  
  13  0:18  Supply Depot, SCV  
  14  0:30  SCV  
  15  0:42  SCV, Barracks  
  16  0:46  Refinery  
  16  0:54  SCV  
  17  1:05  Barracks  
  17  1:06  SCV  
  19  1:18  SCV  
  19  1:30  SCV  
  20  1:33  Reaper, Barracks  
  21  1:40  Refinery  
  21  1:47  SCV  
  22  1:54  Reaper  
  22  1:59  Supply Depot  
  23  2:07  Orbital Command  
  22  2:17  Reaper  
  23  2:27  Reaper  
  23  2:29  Supply Depot  
  24  2:33  SCV  
  25  2:48  Reaper  
  25  2:49  Reaper  
  27  2:59  Reaper  
  27  3:03  Barracks  
  27  3:04  SCV  
  29  3:16  SCV  
  30  3:20  Reaper  
  30  3:22  Command Center  
  31  3:28  SCV  
  30  3:49  SCV  
  30  3:50  Reaper x2  
  30  3:52  Reaper  
  34  4:01  SCV  
  35  4:13  SCV  
  32  4:29  Barracks Reactor, Barracks Tech Lab x2  
  32  4:30  Barracks Reactor  
  32  4:32  SCV  
  32  4:33  Factory  
  33  4:44  SCV  
  33  4:52  Engineering Bay  
  32  4:56  SCV  
  33  5:00  Orbital Command  
  33  5:03  Refinery  
  33  5:35  SCV  
  33  5:37  SCV  
  34  5:43  Command Center  
  34  5:46  Missile Turret, Marine x2  
  34  5:47  SCV, Marine, Marauder x2  
  34  5:49  SCV, Widow Mine  
  44  6:08  Marauder  
  44  6:09  Marauder, Marine x2  
  47  6:16  Starport  
  42  6:29  Marauder  
  42  6:31  SCV x2  
  46  6:33  Marine x2  
  52  6:40  Factory Reactor  
  54  6:51  Missile Turret  
Tags
 
Add a new tag
Caveats
  • Supply blocks, unpowered buildings, or Contaminate may cause inaccurate times.
  • Supply counts are checked every 10 seconds.